 Dungeon Crawl Stone Soup version 0.24-a0-282-g1a68c911f0 (webtiles) character file.

Game seed: 8072890531442456203

112 Redear the Insei (level 4, -1/28 HPs)
             Began as an Octopode Transmuter on May 3, 2019.
             Slain by an orc warrior
             ... wielding a +0 hand axe
              (2 damage)
             ... on level 3 of the Dungeon.
             The game lasted 00:04:58 (2174 turns).

Redear the Insei (Octopode Transmuter)              Turns: 2174, Time: 00:04:59

Health: -1/28      AC:  1    Str: 10    XL:     4   Next: 93%
Magic:  17/17      EV: 13    Int: 15    God:
Gold:   152        SH:  0    Dex: 12    Spells: 8/9 levels left

rFire    . . .     SeeInvis .     - Unarmed
rCold    . . .     Gourm    .   (no shield)
rNeg     . . .     Faith    .   (helmet restricted)
rPois    .         Spirit   .   (no amulet)
rElec    .         Reflect  .   (no ring)
rCorr    .         Harm     .   i - ring of magical power {MP+9}
MR       .....                  l - ring of wizardry {Wiz+}
Stlth    ++........             (no ring)
HPRegen  0.09/turn              (no ring)
MPRegen  0.15/turn              (no ring)
                                (no ring)
                                (no ring)

@: no status effects
A: almost no armour, stealthy swim, amphibious, 8 rings, constrict 8, camouflage
1, gelatinous body 1
a: no special abilities


You were on level 3 of the Dungeon.
You were not hungry.

You visited 1 branch of the dungeon, and saw 3 of its levels.

You collected 152 gold pieces.

Inventory:

Missiles
 a - 67 arrows
Jewellery
 i - a ring of magical power (right tentacle) {MP+9}
 l - a ring of wizardry (on tentacle) {Wiz+}
Wands
 d - a wand of random effects (24)
Scrolls
 b - a scroll of magic mapping {unknown}
 e - a scroll of fog {unknown}
 f - a scroll of fear {unknown}
 g - a scroll of enchant armour {unknown}
 j - a scroll of teleportation {unknown}
 N - a scroll of remove curse {@r2}
 R - 3 scrolls of identify {@r1}
Comestibles
 z - 4 rations


   Skills:
 - Level 1.0 Fighting
 - Level 2.0 Dodging
 + Level 4.0 Unarmed Combat
 + Level 3.1 Spellcasting
 + Level 3.2 Transmutations


You had 8 spell levels left.
You knew the following spells:

 Your Spells              Type           Power        Failure   Level  Hunger
z - Beastly Appendage     Tmut           ##....       2%          1    #......

Your spell library contained the following spells:

 Spells                   Type           Power        Failure   Level  Hunger
 Sticks to Snakes         Tmut           ##......     3%          2    ##.....
 Spider Form              Tmut/Pois      #.........   12%         3    ###....
 Ice Form                 Ice/Tmut       #.......     38%         4    #####..
 Blade Hands              Tmut           ##........   47%         5    ######.


Dungeon Overview and Level Annotations

Branches:
Dungeon (3/15)

Altars:

Annotations:
D:2 Jessica


Innate Abilities, Weirdness & Mutations

You cannot wear most types of armour.
You are very stealthy in the water. (Stealth+)
You are amphibious.
You can wear up to eight rings at the same time.
You can use your tentacles to constrict eight enemies at once.
Your skin changes colour to match your surroundings (Stealth+).
Your rubbery body absorbs attacks. (AC +1, EV +1)


Message History

Evoke which item? (* to show all) (? for menu, Esc to quit)
Okay, then.
Your transformation is almost over.
Found a stone staircase leading up.
Evoke which item? (* to show all) (? for menu, Esc to quit)
Aiming: Random Effects
Press: ? - help, Shift-Dir - straight line, f/p - orc warrior
Aim: an orc warrior, wielding a +0 hand axe and wearing a +0 chain mail (heavily wounded)
The orc warrior seems to speed up.
The orc warrior hits you with a +0 hand axe!
* * * LOW HITPOINT WARNING * * *
You take 7 damage, and have 1/28 hp.
MASSIVE DAMAGE!!
Evoke which item? (* to show all) (? for menu, Esc to quit)
Aiming: Random Effects
Press: ? - help, Shift-Dir - straight line, f/p - orc warrior
Aim: an orc warrior, wielding a +0 hand axe and wearing a +0 chain mail (moderately wounded, fast)
The puff of flame misses the orc warrior.
Your tentacle spike disappears.
The orc warrior hits you with a +0 hand axe.
You die...

#.# #.##.......#....#
..# #.###########.#.#
##########.# ......#.#
.†)......# ....#...#
########.# #.........
#.# ..##..#... #.#
.......[...
###.########<#........
#.........o@...........
#.#............####
#.############## . ##


You could see an orc warrior.

Vanquished Creatures
  Ijyb (D:3)
  3 adders (D:2)
  An ooze (D:1)
  2 dart slugs
  2 leopard geckos (D:1)
  2 orcs (D:3)
  3 giant cockroaches
  4 goblins
  7 hobgoblins (D:1)
  2 jackals (D:1)
  A quokka (D:2)
  A ball python (D:2)
  5 bats
  2 frilled lizards (D:1)
  2 kobolds
  8 rats
46 creatures vanquished.

Notes
Turn   | Place    | Note
-------+----------+-------------------------------------------
     0 | D:1      | Redear the Octopode Transmuter began the quest for the Orb.
     0 | D:1      | Reached XP level 1. HP: 13/13 MP: 3/3
   239 | D:1      | Reached XP level 2. HP: 4/18 MP: 3/5
   767 | D:1      | Reached XP level 3. HP: 15/23 MP: 6/6
  1542 | D:2      | Reached XP level 4. HP: 12/28 MP: 6/8
  1811 | D:2      | Reached skill level 3 in Transmutations
  1923 | D:2      | Noticed Jessica
  1923 | D:2      | You fall through a shaft!
  1924 | D:3      | Noticed Ijyb
  1943 | D:3      | Killed Ijyb
  1943 | D:3      | Reached skill level 3 in Spellcasting
  2113 | D:3      | Noticed an orc warrior
  2152 | D:3      | Reached skill level 4 in Unarmed Combat
  2173 | D:3      | HP: 1/28 [orc warrior/+0 hand axe (7)]
  2174 | D:3      | Slain by an orc warrior

Levels and vault maps discovered:
D:1:      dpeg_arrival_ratfight, layout_loops_ring,
          hangedman_abyss_or_decor_lesser_grid
D:2:      layout_loops_ring, hangedman_feature_mirror, uniq_jessica
D:3:      layout_basic, uniq_ijyb

Skill      XL: |  1  2  3  4 |
---------------+-------------+-----
Transmutations | 3 |  3.2
Spellcasting   | 3 |  3.1
Unarmed Combat | 4 |  4.0
Fighting       | |  1.0
Dodging        | |  2.0

Action                   |  1- 3 |  4- 6 || total
-------------------------+-------+-------++-------
Melee: Unarmed           |    77 |    30 ||   107
       Constrict         |    19 |     7 ||    26
       Kick              |     6 |     6 ||    12
       Tentacles         |     5 |     8 ||    13
       Punch             |     1 |     1 ||     2
 Cast: Beastly Appendage |    11 |     3 ||    14
Evoke: Wand              |       |     4 ||     4
  Use: Scroll            |       |     2 ||     2
       Potion            |       |     2 ||     2
 Stab: Sleeping          |     3 |     1 ||     4
  Eat: Chunk             |     1 |     3 ||     4
Armor: Skin              |     6 |     6 ||    12
Dodge: Dodged            |    46 |    15 ||    61

Table legend:
 A = Non-vault XP
 B = Vault XP
 C = Vault XP percentage of total XP
 D = Non-vault monster count
 E = Vault monster count
 F = Vault count percentage of total count
                 A         B        C        D         E       F
            +---------+---------+-------+---------+---------+-------
      Total |     102 |      58 |  36.2 |      38 |       8 |  17.4
            +---------+---------+-------+---------+---------+-------
        D:1 |      48 |       5 |   9.4 |      23 |       5 |  17.9
        D:2 |      43 |      15 |  25.9 |      10 |       2 |  16.7
        D:3 |      11 |      38 |  77.6 |       5 |       1 |  16.7
            +---------+---------+-------+---------+---------+-------
